 Dungeon Crawl Stone Soup version 0.29.1-2-gbd0b4ee654 (webtiles) character file.

Game seed: 17694919611520170421

408 DemonSlayer the Firebug (level 6, -1/94 HPs)
             Began as a Demonspawn Fire Elementalist on Nov 1, 2022.
             Slain by a scorpion (6 damage)
             ... on level 4 of the Dungeon.
             The game lasted 00:08:36 (5086 turns).

DemonSlayer the Firebug (DsFE)                      Turns: 5086, Time: 00:08:37

Health: -1/94      AC: 23    Str:  9    XL:     6   Next: 57%
Magic:  11/11      EV:  2    Int: 18    God:
Gold:   202        SH:  5    Dex: 13    Spells: 2/12 levels left

rFire   . . .      SeeInvis .   j - +0 dagger
rCold   . . .      Faith    .   (no shield)
rNeg    + . .      Spirit   .   (body armour currently unavailable)
rPois   +          Reflect  +   (helmet currently unavailable)
rElec   .          Harm     .   (cloak currently unavailable)
rCorr   .          Rampage  .   (gloves currently unavailable)
Will    .....      NoTele   +   (boots currently unavailable)
Stlth   ..........              v - amulet of reflection
HPRegen 0.25/turn               o - ring of positive energy
MPRegen 0.24/turn               (no ring)

@: berserking, lethally poisoned (-1 -> -4), tree-form, very quick
A: stationary, stasis, torment immunity, boosted hp, repulsion field 1, ignite
blood 1, magic regeneration
a: no special abilities


You were on level 4 of the Dungeon.
You were a tree.
You visited 1 branch of the dungeon, and saw 4 of its levels.

You collected 202 gold pieces.

Inventory:

Hand Weapons
 j - a +0 dagger (weapon)
Missiles
 s - 2 curare-tipped darts
Armour
 a - a +0 robe (melded)
 e - a +0 helmet (melded)
Jewellery
 o - a ring of positive energy (left branch)
 v - an amulet of reflection (around neck)
 y - a ring of resist corrosion
Scrolls
 c - 4 scrolls of identify {unknown}
 d - a scroll of enchant weapon {unknown}
 g - a scroll of enchant armour {unknown}
 h - 3 scrolls of blinking {unknown}
 k - a scroll of poison {unknown}
 l - a scroll of torment {unknown}
 p - a scroll of magic mapping {unknown}
 w - a scroll of amnesia {unknown}
Potions
 b - a potion of magic
 f - 2 potions of might
 r - a potion of heal wounds {unknown}
 x - a potion of brilliance {unknown}


   Skills:
 + Level 0.4 Fighting
 + Level 1.2 Short Blades
 + Level 2.2 Dodging
 + Level 2.2 Stealth
 + Level 3.7 Spellcasting
 + Level 2.9 Conjurations
 + Level 4.5 Fire Magic


You had 2 spell levels left.
You knew the following spells:

 Your Spells              Type           Power      Damage    Failure   Level
a - Foxfire               Conj/Fire      64%        2x1d7     3%          1
b - Scorch                Fire           38%        2d7       3%          2
c - Conjure Flame         Conj/Fire      16%        6-21      10%         3
d - Fulminant Prism       Conj/Hex       4%         3d6       63%         4

Your spell library contained the following spells:

 Spells                   Type           Power      Damage    Failure   Level
 Magic Dart               Conj           56%        1d5       4%          1
 Searing Ray              Conj           28%        2d5       7%          2
 Inner Flame              Hex/Fire       11%        N/A       19%         3
 Flame Wave               Conj/Fire      16%        2d7       32%         4
 Summon Lightning Spire   Summ/Air       3%         N/A       83%         4
 Yara's Violent Unravell  Hex/Tmut       1%         3d3       99%         5


Dungeon Overview and Level Annotations

Branches:
Dungeon (4/15)
 Temple: D:4-7

Altars:
Gozag
Xom


Innate Abilities, Weirdness & Mutations

You are a tree.
Your roots penetrate the ground, keeping you stationary.
You cannot be teleported.
You are immune to unholy pain and torment.
Your maximum health is greatly increased.
Your equipment is partially melded.
You are surrounded by a mild repulsion field. (EV +2)
Your demonic aura sometimes causes spilled blood to erupt in flames.
You regenerate magic rapidly.


Message History

Unknown command.
Unknown command.
Unknown command.
It was a potion of curing.
You feel better. The scorpion stings you. You block the scorpion's attack.
The scorpion stings you!
* * * LOW HITPOINT WARNING * * *
You are lethally poisoned!
The scorpion poisons you!
It was a potion of lignification.
You turn into a tree.
Your +0 helmet melds into your body.
Your +0 robe melds into your body.
Your roots penetrate the ground.
* * * LOW HITPOINT WARNING * * *
You feel very sick.
The scorpion stings you but does no damage.
The scorpion barely misses you.
Unknown command.
Unknown command.
Unknown command.
It was a potion of berserk rage.
A red film seems to cover your vision as you go berserk!
You feel yourself moving faster!
You feel mighty!
* * * LOW HITPOINT WARNING * * *
You feel very sick.
The scorpion stings you but does no damage. x2
You closely miss the scorpion.
You feel sick.
The scorpion stings you but does no damage.
You block the scorpion's attack.
You closely miss the scorpion.
You feel sick.
The scorpion stings you but does no damage.
You block the scorpion's attack.
You closely miss the scorpion.
You feel sick.
The scorpion stings you but does no damage.
You hit the scorpion.
The scorpion is moderately wounded.
You feel sick.
The scorpion stings you but does no damage.
You closely miss the scorpion.
The scorpion is moderately wounded.
You feel sick. The scorpion stings you.
You die...

######### #.......#
################.......##
†........................
################.......#
#.......# #.......##
#†........ #♣s.......
#.s......? #.........
#.......## ....#####
#.##.. .. #.. .## ...


You could see 2 scorpions.

Vanquished Creatures
  Sigmund (D:2)
  A scorpion (D:4)
  A hound (D:4)
  An orc wizard (D:3)
  5 adders
  3 dart slugs (D:1)
  9 orcs (D:3)
  4 bats
  8 endoplasms
  A giant cockroach (D:3)
  9 goblins
  5 hobgoblins
  7 jackals (D:2)
  5 quokkas
  8 ball pythons
  4 frilled lizards (D:1)
  4 kobolds
  7 rats
83 creatures vanquished.

Vanquished Creatures (others)
  367 foxfires
367 creatures vanquished.

Grand Total: 450 creatures vanquished

Notes
Turn   | Place    | Note
-------+----------+-------------------------------------------
     0 | D:1      | DemonSlayer the Demonspawn Fire Elementalist began the
                  | quest for the Orb.
     0 | D:1      | Reached XP level 1. HP: 13/13 MP: 3/3
   222 | D:1      | Reached skill level 3 in Fire Magic
   356 | D:1      | Gained mutation: You are surrounded by a mild repulsion
                  | field. (EV +2) [demonic ancestry]
   356 | D:1      | Reached XP level 2. HP: 19/19 MP: 0/5
   359 | D:1      | Learned a level 2 spell: Scorch
  1670 | D:1      | Gained mutation: Your demonic aura sometimes causes spilled
                  | blood to erupt in flames. [demonic ancestry]
  1670 | D:1      | Reached XP level 3. HP: 11/24 MP: 6/6
  2092 | D:2      | Found a shimmering altar of Xom.
  2285 | D:2      | HP: 1/24 [jackal (1)]
  2920 | D:2      | Reached XP level 4. HP: 30/30 MP: 3/7
  3404 | D:2      | Learned a level 3 spell: Conjure Flame
  3427 | D:3      | Noticed Sigmund
  3434 | D:2      | Killed Sigmund
  3435 | D:2      | Reached skill level 4 in Fire Magic
  3435 | D:2      | Reached XP level 5. HP: 35/35 MP: 4/10
  3977 | D:3      | Gained mutation: You regenerate magic rapidly. [demonic
                  | ancestry]
  3977 | D:3      | Reached XP level 6. HP: 26/42 MP: 1/11
  4254 | D:3      | Reached skill level 1 in Short Blades
  4283 | D:3      | Found an opulent altar of Gozag.
  4748 | D:3      | Got Icoomyna's Atlas of Inconstant Breath
  4927 | D:3      | Learned a level 4 spell: Fulminant Prism
  5086 | D:4      | Slain by a scorpion

Illustrated notes

Levels and vault maps discovered:
D:1:      nzn_arrival_depleted_hourglass, layout_loops_cross,
          kennysheep_small_spiral
D:2:      layout_rooms, basic_altar, st_stairs_10, chequers_serial_rivers_room_a
D:3:      layout_loops_ring, grunt_gozag_breadcrumbs,
          hangedman_abyss_or_decor_lesser_grid, uniq_sigmund
D:4:      layout_basic, lemuel_tele_altar, minmay_misc_feat_rugged,
          minmay_checkerbox

Skill      XL: |  1  2  3  4  5  6 |
---------------+-------------------+-----
Fire Magic     | 3 4 |  4.5
Dodging        | 2 |  2.2
Stealth        | 2 |  2.2
Spellcasting   | 3 |  3.7
Conjurations   | 2 |  2.9
Short Blades   | 1 |  1.2
Fighting       | |  0.4

Action                   |  1- 3 |  4- 6 || total
-------------------------+-------+-------++-------
Melee: Unarmed           |     2 |       ||     2
       Dagger            |    62 |    42 ||   104
       Punch             |     1 |       ||     1
 Cast: Foxfire           |   121 |   105 ||   226
       Scorch            |       |     8 ||     8
  Use: Potion            |       |     8 ||     8
 Stab: Sleeping          |       |     3 ||     3
Armor: Robe              |    12 |    10 ||    22
       Skin              |       |     7 ||     7
Dodge: Dodged            |    69 |    45 ||   114
Block: Other             |       |     9 ||     9
